 Dungeon Crawl Stone Soup version 0.30-a0-591-g3c58d2bc28 (webtiles) character file.

Game seed: 10465229780533155156

148 rogsnak the Slasher (level 5, -1/42 (43) HPs)
             Began as a Gnoll Reaver on Jan 6, 2023.
             Slain by a black bear (8 damage)
             ... on level 3 of the Dungeon.
             The game lasted 00:06:23 (2046 turns).

rogsnak the Slasher (Gnoll Reaver)                  Turns: 2046, Time: 00:06:24

HP:   -1/42 (43)    AC:  4    Str: 13    XL:     5   Next: 30%
MP:   12/12         EV: 12    Int: 12    God:
Gold: 85            SH:  3    Dex: 11    Spells: 13/14 levels left

rFire   . . .      SeeInvis .    a - +0 falchion
rCold   . . .      Faith    .    m - +0 buckler
rNeg    . . .      Spirit   .    b - +0 leather armour
rPois   .          Reflect  .    (no helmet)
rElec   .          Harm     .    (no cloak)
rCorr   .          Rampage  .    (no gloves)
Will    .....                    k - +0 pair of boots
Stlth   +                        (no amulet)
HPRegen 0.27/turn                (no ring)
MPRegen 0.13/turn                (no ring)

@: lightly drained
A: fangs 1, strong nose, distributed training
a: no special abilities


You were on level 3 of the Dungeon.
You visited 1 branch of the dungeon, and saw 3 of its levels.

You collected 85 gold pieces.

Inventory:

Hand Weapons
 a - a +0 falchion (weapon)
Missiles
 o - 3 poisoned darts
Armour
 b - a +0 leather armour (worn)
 k - a +0 pair of boots (worn)
 m - a +0 buckler (worn)
Scrolls
 d - a scroll of summoning {unknown}
 e - a scroll of vulnerability {unknown}
 f - a scroll of teleportation {unknown}
 g - 2 scrolls of identify {unknown}
 i - a scroll of silence {unknown}
 l - a scroll of immolation {unknown}
 p - a scroll of fear {unknown}
Potions
 c - a potion of heal wounds {unknown}
 h - 2 potions of invisibility {unknown}
 j - a potion of curing {unknown}
 n - 3 potions of degeneration {unknown}


   Skills:
 + Level 4.8 Fighting
 + Level 1.5 Short Blades
 + Level 6.7 Long Blades
 + Level 1.5 Axes
 + Level 1.5 Maces & Flails
 + Level 1.5 Polearms
 + Level 1.5 Staves
 + Level 1.5 Ranged Weapons
 + Level 1.5 Throwing
 + Level 1.5 Armour
 + Level 4.8 Dodging
 + Level 1.5 Stealth
 + Level 1.5 Shields
 + Level 1.5 Unarmed Combat
 + Level 5.2 Spellcasting
 + Level 5.5 Conjurations
 + Level 1.2 Hexes
 + Level 1.2 Summonings
 + Level 1.2 Necromancy
 + Level 1.2 Translocations
 + Level 1.2 Transmutations
 + Level 1.2 Fire Magic
 + Level 1.2 Ice Magic
 + Level 1.2 Air Magic
 + Level 1.2 Earth Magic
 + Level 1.2 Poison Magic
 + Level 1.7 Invocations
 + Level 1.5 Evocations


You had 13 spell levels left.
You knew the following spells:

 Your Spells              Type           Power      Damage    Failure   Level
a - Kiss of Death         Conj/Necr      44%        2d8       9%          1

Your spell library contained the following spells:

 Spells                   Type           Power      Damage    Failure   Level
 Momentum Strike          Conj/Tloc      22%        3d8       13%         2
 Hailstorm                Conj/Ice       11%        3d5       26%         3
 Ignite Poison            Fire/Tmut/Pois 6%         N/A       52%         3
 Vhi's Electric Charge    Tloc/Air       12%        N/A       52%         3
 Sticky Flame             Conj/Fire      11%        2d3       63%         4
 Arcjolt                  Conj/Air       5%         1d15      93%         5
 Ignition                 Fire           3%         3d4       100%        8
 Maxwell's Capacitive Co  Air            3%         ∞         100%        8


Dungeon Overview and Level Annotations

Branches:
Dungeon (3/15)

Altars:

Shops:
D:1 ?!((


Innate Abilities, Weirdness & Mutations

You have very sharp teeth.
Your uncanny sense of smell can sniff out nearby items.
Your experience applies equally to all skills.


Message History

The black bear barely misses you.
You slash the black bear!
The black bear is severely wounded.
The black bear bites you. The black bear barely misses you.
The black bear closely misses you.
You hit the black bear but do no damage.
The black bear is severely wounded.
The black bear barely misses you.
The black bear claws you but does no damage.
The black bear barely misses you.
You completely miss the black bear.
The black bear is severely wounded.
The black bear barely misses you.
The black bear claws you but does no damage.
The black bear closely misses you.
You completely miss the black bear.
The black bear is severely wounded.
The black bear bites you! The black bear closely misses you.
The black bear claws you.
You barely miss the black bear.
The black bear is severely wounded.
You block the black bear's attack.
The black bear claws you but does no damage.
The black bear closely misses you.
You slash the black bear!
The black bear is almost dead.
The black bear bites you. The black bear claws you. x2
You barely miss the black bear.
The black bear is almost dead.
The black bear goes berserk!
You barely miss the black bear.
The black bear is almost dead.
The black bear bites you.
* * * LOW HITPOINT WARNING * * *
The black bear barely misses you. The black bear claws you.
* * * LOW HITPOINT WARNING * * *
You hit the black bear but do no damage.
The black bear is almost dead.
The black bear bites you!
You die...

.................###.#
........##...........#
.....................#
........#####.######.#
######## #...# # ###.#
#####.## #......#
#....#@# #....#h#
#.......# #.......#
#........ #........#
...........
########...#
##.((##..+


You could see a black bear (berserk).

Vanquished Creatures
  Natasha (D:3)
  An iguana (D:3)
  Robin (D:2)
  An adder (D:2)
  2 worms (D:1)
  3 dart slugs
  A bat (D:1)
  9 endoplasms
  2 giant cockroaches (D:1)
  13 goblins
  13 hobgoblins
  4 quokkas
  3 ball pythons
  A kobold (D:2)
  5 rats
60 creatures vanquished.

Notes
Turn   | Place    | Note
-------+----------+-------------------------------------------
     0 | D:1      | rogsnak the Gnoll Reaver began the quest for the Orb.
     0 | D:1      | Reached XP level 1. HP: 20/20 MP: 6/6
    17 | D:1      | Found Ceupt's Magic Scroll Shop.
   179 | D:1      | Reached XP level 2. HP: 23/26 MP: 7/7
   354 | D:1      | Found Usibet Penk's Weapon Boutique.
   403 | D:1      | Found Yjogin's Distillery.
   420 | D:1      | Found Tiunt's Weapon Boutique.
   468 | D:1      | Reached skill level 5 in Spellcasting
   468 | D:1      | Reached XP level 3. HP: 24/31 MP: 7/9
   667 | D:1      | Reached skill level 1 in Invocations
  1016 | D:2      | Noticed Robin
  1017 | D:2      | Reached skill level 1 in Short Blades
  1017 | D:2      | Reached skill level 1 in Axes
  1017 | D:2      | Reached skill level 1 in Maces & Flails
  1017 | D:2      | Reached skill level 1 in Polearms
  1017 | D:2      | Reached skill level 1 in Staves
  1017 | D:2      | Reached skill level 1 in Ranged Weapons
  1017 | D:2      | Reached skill level 1 in Throwing
  1017 | D:2      | Reached skill level 1 in Armour
  1017 | D:2      | Reached skill level 1 in Stealth
  1017 | D:2      | Reached skill level 1 in Shields
  1017 | D:2      | Reached skill level 1 in Unarmed Combat
  1017 | D:2      | Reached skill level 1 in Evocations
  1027 | D:2      | Killed Robin
  1028 | D:2      | Reached XP level 4. HP: 14/38 MP: 11/11
  1157 | D:2      | Reached skill level 1 in Hexes
  1157 | D:2      | Reached skill level 1 in Summonings
  1157 | D:2      | Reached skill level 1 in Necromancy
  1157 | D:2      | Reached skill level 1 in Translocations
  1157 | D:2      | Reached skill level 1 in Transmutations
  1157 | D:2      | Reached skill level 1 in Fire Magic
  1157 | D:2      | Reached skill level 1 in Ice Magic
  1157 | D:2      | Reached skill level 1 in Air Magic
  1157 | D:2      | Reached skill level 1 in Earth Magic
  1157 | D:2      | Reached skill level 1 in Poison Magic
  1879 | D:3      | Noticed Natasha
  1886 | D:3      | Killed Natasha
  1887 | D:3      | Reached XP level 5. HP: 37/39 MP: 10/12
  2027 | D:3      | Noticed a black bear
  2030 | D:3      | Noticed a +0 falchion
  2030 | D:3      | Noticed a +0 dagger
  2030 | D:3      | Noticed a +0 dagger
  2046 | D:3      | Slain by a black bear

Illustrated notes

Levels and vault maps discovered:
D:1:      psy_arrival_dodecagon, layout_loops_ring, serial_shops,
          nicolae_shop_waterfront, nicolae_shop_bloodbath_and_beyond, shop,
          nicolae_shop_hallway_stairs, minmay_misc_feat_tower, fountainhead,
          nicolae_wormholes
D:2:      layout_basic, uniq_robin
D:3:      layout_basic, nicolae_uskayaw_en_pointe, uniq_natasha

Skill      XL: |  1  2  3  4 |
---------------+-------------+-----
Spellcasting   | 5 |  5.2
Invocations    | 1 |  1.7
Short Blades   | 1 |  1.5
Axes           | 1 |  1.5
Maces & Flails | 1 |  1.5
Polearms       | 1 |  1.5
Staves         | 1 |  1.5
Ranged Weapons | 1 |  1.5
Throwing       | 1 |  1.5
Armour         | 1 |  1.5
Stealth        | 1 |  1.5
Shields        | 1 |  1.5
Unarmed Combat | 1 |  1.5
Evocations     | 1 |  1.5
Hexes          | 1 |  1.2
Summonings     | 1 |  1.2
Necromancy     | 1 |  1.2
Translocations | 1 |  1.2
Transmutations | 1 |  1.2
Fire Magic     | 1 |  1.2
Ice Magic      | 1 |  1.2
Air Magic      | 1 |  1.2
Earth Magic    | 1 |  1.2
Poison Magic   | 1 |  1.2
Fighting       | |  4.8
Long Blades    | |  6.7
Dodging        | |  4.8
Conjurations   | |  5.5

Action                   |  1- 3 |  4- 6 || total
-------------------------+-------+-------++-------
Melee: Falchion          |   115 |   129 ||   244
       Bite              |    13 |    11 ||    24
       Punch             |     1 |       ||     1
 Cast: Kiss of Death     |       |     1 ||     1
 Stab: Sleeping          |     1 |       ||     1
Armor: Leather armour    |    31 |    29 ||    60
Dodge: Dodged            |    45 |    71 ||   116
Block: Buckler           |     4 |    15 ||    19

Table legend: (Time is in decaauts)
 A = Elapsed time spent in this place.
 B = Non-inter-level travel time spent in this place.
 C = Inter-level travel time spent in this place.
 D = Time resting spent in this place.
 E = Time spent auto-exploring this place.
 F = Levels seen in this place.
 G = Mean time per level.
                   A        B        C        D        E       F      G
               +--------+--------+--------+--------+--------+-----+--------+
         Total |   2048 |   1990 |     58 |     48 |   1387 |   3 |  682.7 |
       Dungeon |   2048 |   1990 |     58 |     48 |   1387 |   3 |  682.7 |
               +--------+--------+--------+--------+--------+-----+--------+

Top non-repeatable levels by time:
     D:1: 961 daAuts
     D:2: 889 daAuts
     D:3: 197 daAuts
